 Dungeon Crawl Stone Soup version 0.20.0-8-g6b59dc7 (webtiles) character file.

98 galech the Ruffian (level 4, -3/44 HPs)
             Began as a Troll Monk on June 2, 2017.
             Slain by Grinder (5 damage)
             ... on level 3 of the Dungeon.
             The game lasted 00:02:50 (1528 turns).

galech the Ruffian (Troll Monk)                     Turns: 1528, Time: 00:02:50

Health: -3/44      AC:  6    Str: 20    XL:     4   Next: 44%
Magic:  3/3        EV: 11    Int:  6    God:
Gold:   87         SH:  0    Dex: 16    Spells: 3/3 levels left

rFire    . . .     SeeInvis .     - Unarmed
rCold    . . .     Gourm    +   (no shield)
rNeg     . . .     Faith    .   a - +1 robe
rPois    .         Spirit   .   (helmet restricted)
rElec    .         Reflect  .   (no cloak)
rCorr    .         Harm     .   (gloves unavailable)
MR       .....     Rnd*Tele +   (boots unavailable)
Stlth    ++........             (no amulet)
Regen    0.6/turn               k - ring of teleportation (curse)
MPRegen  0.1/turn               n - +4 ring of dexterity

@: no status effects
A: unfitting armour, claws 3, fast metabolism 3, gourmand, regeneration 1,
shaggy fur 1, tough skin 2
a: no special abilities


You were on level 3 of the Dungeon.
You were very full.

You visited 1 branch of the dungeon, and saw 3 of its levels.

You collected 87 gold pieces.

Inventory:

Armour
 a - a +1 robe (worn)
Jewellery
 k - a cursed ring of teleportation (left claw)
 l - a +5 ring of strength {unknown}
 n - a +4 ring of dexterity (right claw)
Wands
 q - a wand of iceblast (10/15)
Scrolls
 d - a scroll of identify
 h - a scroll of amnesia
 j - a scroll of magic mapping
 r - a scroll of remove curse {unknown}
Potions
 e - a potion of brilliance {unknown}
 f - a potion of mutation {unknown}
 g - a potion of lignification {unknown}
 i - a potion of resistance {unknown}
 o - a potion of cancellation {unknown}
 p - 2 potions of curing {unknown}
 s - a potion of agility
 u - a potion of haste {unknown}
Comestibles
 b - 2 bread rations
 c - a royal jelly
 m - 4 chunks of flesh
 t - a fruit


   Skills:
 + Level 2.7 Fighting
 + Level 3.1 Dodging
 + Level 1.3 Stealth
 + Level 4.2 Unarmed Combat


You had 3 spell levels left.
You didn't know any spells.

Dungeon Overview and Level Annotations

Branches:
Dungeon (3/15)

Altars:
Cheibriados
Elyvilon
Fedhas
Gozag
Kikubaaqudgha
Okawaru
Qazlal
Xom
The Shining One

Annotations:
D:3 Grinder


Innate Abilities, Weirdness & Mutations

You are too large for most types of armour.
You have claws for hands.
Your metabolism is lightning-fast.
You like to eat raw meat.
Your natural rate of healing is unusually fast.
You are covered in fur. (AC +1)
You have very tough skin. (AC +2)


Message History

You are too injured to fight recklessly!
You completely miss Grinder.
Grinder is severely wounded.
Grinder hits you.
You writhe in agony.
* * * LOW HITPOINT WARNING * * *
You miss Grinder.
Grinder is severely wounded.
Grinder hits you.
* * * LOW HITPOINT WARNING * * *
You writhe in agony.
* * * LOW HITPOINT WARNING * * *
You miss Grinder. Your claw misses Grinder.
Grinder is severely wounded.
Grinder hits you but does no damage.
You miss Grinder. Your claw misses Grinder.
Grinder is severely wounded.
Grinder hits you.
* * * LOW HITPOINT WARNING * * *
You writhe in agony.
You die...

........#.## #
.......)..#####
#
........#.....#.
..###...........
#...#.........
#.###.........
#. #......... #
#.........
#.@.......
##5.......
#......#.
..###### ###


You could see Grinder.

Vanquished Creatures
  4 adders
  2 worms
  3 dart slugs (D:1)
  2 leopard geckos
  An orc (D:3)
  2 giant cockroaches (D:2)
  8 goblins
  4 hobgoblins
  8 kobolds
  A quokka (D:2)
  5 bats
  A frilled lizard (D:2)
  8 rats
49 creatures vanquished.

Notes
Turn   | Place    | Note
-------+----------+-------------------------------------------
     0 | D:1      | galech the Troll Monk began the quest for the Orb.
     0 | D:1      | Reached XP level 1. HP: 22/22 MP: 0/0
   199 | D:1      | Reached XP level 2. HP: 29/29 MP: 1/1
   653 | D:2      | Found a snail-covered altar of Cheibriados.
   729 | D:2      | Reached XP level 3. HP: 34/36 MP: 2/2
   889 | D:2      | Found a white marble altar of Elyvilon.
   890 | D:2      | Found an iron altar of Okawaru.
   891 | D:2      | Found a stormy altar of Qazlal.
  1167 | D:2      | Found an opulent altar of Gozag.
  1169 | D:2      | Found a shimmering altar of Xom.
  1295 | D:2      | Reached XP level 4. HP: 44/44 MP: 3/3
  1305 | D:3      | Reached skill level 4 in Unarmed Combat
  1386 | D:3      | Found a blossoming altar of Fedhas.
  1469 | D:2      | Found an ancient bone altar of Kikubaaqudgha.
  1469 | D:2      | Found a glowing golden altar of the Shining One.
  1517 | D:3      | Noticed Grinder
  1528 | D:3      | HP: 2/44 [Grinder (5)]
  1528 | D:3      | Slain by Grinder

Skill      XL: |  1  2  3  4 |
---------------+-------------+-----
Dodging        | 3 |  3.1
Unarmed Combat | 4 |  4.2
Fighting       | |  2.7
Stealth        | |  1.3

Action                   |  1- 3 |  4- 6 || total
-------------------------+-------+-------++-------
Melee: Unarmed           |    87 |    30 ||   117
       Punch             |     1 |       ||     1
  Use: Scroll            |     6 |       ||     6
 Stab: Sleeping          |     3 |     1 ||     4
       Distracted        |     1 |       ||     1
  Eat: Chunk             |    17 |     2 ||    19
Armor: Robe              |    25 |     6 ||    31
Dodge: Dodged            |    39 |    13 ||    52
